| TOP OF THE 1ST |
|
New Jersey Devils batting - Pitching for Trois-Riveres Aigles : RHP Won-hyung Choe
|
|
Pitching: RHP Won-hyung Choe
|
|
|
Batting: RHB Oscar Ramirez
|
0-0: Ball 1-0: Called Strike 1-1: Ball 2-1: Ball 3-1: Base on Balls
|
|
Batting: RHB Duk-yoon Park
|
0-0: Called Strike 0-1: Called Strike 0-2: Ball 1-2: Fly out, F5 (Popup, 6S, EV 80.6 MPH)
|
|
Batting: RHB Sergio Andrada
|
0-0: Ball 1-0: Called Strike Oscar Ramirez is caught stealing 2nd base 2-4 1-1: Ball 2-1: Ball 3-1: Base on Balls
|
|
Batting: SHB Danny Tapia Jr.
|
0-0: Called Strike 0-1: Fly out, F7 (Flyball, 7, EV 91.2 MPH)
|
| Top of the 1st over - 0 runs, 0 hits, 0 errors, 1 left on base; New Jersey 0 - Trois-Riveres 0 |
| BOTTOM OF THE 1ST |
|
Trois-Riveres Aigles batting - Pitching for New Jersey Devils : RHP Yvon Tibaldi
|
|
Pitching: RHP Yvon Tibaldi
|
|
|
Batting: SHB Josif Popovski
|
0-0: Ball 1-0: Ball 2-0: Ground out 3-1 (Groundball, 34, EV 100.0 MPH)
|
|
Batting: RHB Micah Logan
|
0-0: Called Strike 0-1: Swinging Strike 0-2: Ball 1-2: Strikes out swinging
|
|
Batting: RHB Alistair Holmes
|
0-0: Ball 1-0: Ball 2-0: Foul Ball, location: 2F 2-1: Ball 3-1: Ground out 6-3 (Groundball, 6, EV 99.4 MPH)
|
| Bottom of the 1st over - 0 runs, 0 hits, 0 errors, 0 left on base; New Jersey 0 - Trois-Riveres 0 |
| TOP OF THE 2ND |
|
New Jersey Devils batting - Pitching for Trois-Riveres Aigles : RHP Won-hyung Choe
|
|
Batting: LHB Mike Bolock
|
0-0: Ball 1-0: Foul Ball, location: 2F 1-1: Fly out, F9 (Flyball, 89D, EV 85.6 MPH)
|
|
Batting: LHB John Stokes
|
0-0: Fly out, F4 (Flyball, 34D, EV 90.0 MPH)
|
|
Batting: LHB Rodolfo Alvarez
|
0-0: Called Strike 0-1: Ball 1-1: Ball 2-1: Ball 3-1: SINGLE (Groundball, 34D, EV 103.1 MPH)
|
|
Batting: LHB Jason Miller
|
0-0: Ball 1-0: Foul Ball, location: 2F 1-1: Fly out, F8 (Line Drive, 8RD, EV 96.9 MPH)
|
| Top of the 2nd over - 0 runs, 1 hit, 0 errors, 1 left on base; New Jersey 0 - Trois-Riveres 0 |
| BOTTOM OF THE 2ND |
|
Trois-Riveres Aigles batting - Pitching for New Jersey Devils : RHP Yvon Tibaldi
|
|
Batting: RHB George Connell
|
0-0: Ball 1-0: Ball 2-0: Ball 3-0: Called Strike 3-1: Base on Balls
|
|
Batting: RHB Danny Mota
|
0-0: Foul Ball, location: 2F 0-1: Swinging Strike 0-2: Fly out, F8 (Flyball, 8RD, EV 100.6 MPH)
|
|
Batting: RHB Chris Davis
|
0-0: Called Strike George Connell is caught stealing 2nd base 2-4 0-1: SINGLE (Groundball, 4D, EV 93.8 MPH)
|
|
Batting: LHB Edgar Quinto
|
0-0: Foul Ball, location: 2F 0-1: Ball 1-1: Fly out, F4 (Line Drive, 4, EV 75.0 MPH)
|
| Bottom of the 2nd over - 0 runs, 1 hit, 0 errors, 1 left on base; New Jersey 0 - Trois-Riveres 0 |
| TOP OF THE 3RD |
|
New Jersey Devils batting - Pitching for Trois-Riveres Aigles : RHP Won-hyung Choe
|
|
Batting: RHB Torsten Hodensack
|
0-0: SINGLE (Line Drive, 9S, EV 91.9 MPH)
|
|
Batting: RHB Oscar Ramirez
|
0-0: Called Strike 0-1: Swinging Strike 0-2: Ball 1-2: Ball 2-2: Foul Ball, location: 2F 2-2: Ball 3-2: Base on Balls Torsten Hodensack to second
|
|
Batting: RHB Duk-yoon Park
|
0-0: Foul Ball, location: 2F 0-1: Swinging Strike 0-2: Ball 1-2: Ball 2-2: SINGLE (Line Drive, 56, EV 103.1 MPH) Torsten Hodensack to third Oscar Ramirez to second
|
|
Batting: RHB Sergio Andrada
|
0-0: Ball 1-0: Fly out, F8 (Flyball, 8RXD, EV 88.1 MPH) Runner from 3rd tags up, SCORES, no throw by CF Oscar Ramirez to third
|
|
Batting: SHB Danny Tapia Jr.
|
0-0: Fly out, F8 (Flyball, 8RXD, EV 85.0 MPH) Runner from 3rd tags up, SCORES, no throw by CF
|
|
Batting: LHB Mike Bolock
|
0-0: Swinging Strike 0-1: Foul Ball, location: 2F 0-2: Ball 1-2: 2-RUN HOME RUN (Flyball, 9D, EV 101.2 MPH), Distance : 385 ft
|
|
Batting: LHB John Stokes
|
0-0: Called Strike 0-1: Called Strike 0-2: Fly out, F7 (Flyball, 7S, EV 76.2 MPH)
|
| Top of the 3rd over - 4 runs, 3 hits, 0 errors, 0 left on base; New Jersey 4 - Trois-Riveres 0 |
| BOTTOM OF THE 3RD |
|
Trois-Riveres Aigles batting - Pitching for New Jersey Devils : RHP Yvon Tibaldi
|
|
Batting: SHB Aaron Ruscigno
|
0-0: Ball 1-0: Foul Ball, location: 2F 1-1: Swinging Strike 1-2: Strikes out looking
|
|
Batting: SHB Paul Dupuis
|
0-0: Ball 1-0: Ball 2-0: Ground out U3 (Groundball, 34S, EV 80.0 MPH)
|
|
Batting: SHB Josif Popovski
|
0-0: Ball 1-0: Swinging Strike 1-1: Swinging Strike 1-2: Ball 2-2: Ball 3-2: SOLO HOME RUN (Flyball, 9LD, EV 90.6 MPH), Distance : 340 ft
|
|
Batting: RHB Micah Logan
|
0-0: Ball 1-0: SINGLE (Line Drive, 6D, EV 96.9 MPH)
|
|
Batting: RHB Alistair Holmes
|
0-0: Ball 1-0: Fly out, F7 (Flyball, 7, EV 76.2 MPH)
|
| Bottom of the 3rd over - 1 run, 2 hits, 0 errors, 1 left on base; New Jersey 4 - Trois-Riveres 1 |
| TOP OF THE 4TH |
|
New Jersey Devils batting - Pitching for Trois-Riveres Aigles : RHP Won-hyung Choe
|
|
Batting: LHB Rodolfo Alvarez
|
0-0: Called Strike 0-1: Foul Ball, location: 2F 0-2: Ball 1-2: Fly out, F4 (Line Drive, 4, EV 76.9 MPH)
|
|
Batting: LHB Jason Miller
|
0-0: Called Strike 0-1: Foul Ball, location: 2F 0-2: Ball 1-2: Strikes out swinging
|
|
Batting: RHB Torsten Hodensack
|
0-0: SINGLE (Groundball, 6MD, EV 107.5 MPH)
|
|
Batting: RHB Oscar Ramirez
|
0-0: Called Strike 0-1: Ball 1-1: Swinging Strike 1-2: Strikes out swinging
|
| Top of the 4th over - 0 runs, 1 hit, 0 errors, 1 left on base; New Jersey 4 - Trois-Riveres 1 |
| BOTTOM OF THE 4TH |
|
Trois-Riveres Aigles batting - Pitching for New Jersey Devils : RHP Yvon Tibaldi
|
|
Batting: RHB George Connell
|
0-0: Fly out, F8 (Flyball, 8LD, EV 96.2 MPH)
|
|
Batting: RHB Danny Mota
|
0-0: Called Strike 0-1: Ball 1-1: Foul Ball, location: 2F 1-2: Strikes out looking
|
|
Batting: RHB Chris Davis
|
0-0: Called Strike 0-1: Fly out, F8 (Flyball, 8RXD, EV 106.2 MPH)
|
| Bottom of the 4th over - 0 runs, 0 hits, 0 errors, 0 left on base; New Jersey 4 - Trois-Riveres 1 |
| TOP OF THE 5TH |
|
New Jersey Devils batting - Pitching for Trois-Riveres Aigles : RHP Won-hyung Choe
|
|
Batting: RHB Duk-yoon Park
|
0-0: Ball 1-0: Ball 2-0: Swinging Strike 2-1: Ball 3-1: Base on Balls
|
|
Batting: RHB Sergio Andrada
|
0-0: Called Strike 0-1: Foul Ball, location: 2F 0-2: Ball 1-2: Strikes out swinging
|
|
Batting: SHB Danny Tapia Jr.
|
0-0: Called Strike 0-1: Fly out, F8 (Flyball, 8LXD, EV 105.0 MPH)
|
|
Batting: LHB Mike Bolock
|
0-0: Foul Ball, location: 2F 0-1: Foul Ball, location: 2F 0-2: Foul Ball, location: 2F 0-2: Strikes out swinging
|
| Top of the 5th over - 0 runs, 0 hits, 0 errors, 1 left on base; New Jersey 4 - Trois-Riveres 1 |
| BOTTOM OF THE 5TH |
|
Trois-Riveres Aigles batting - Pitching for New Jersey Devils : RHP Yvon Tibaldi
|
|
Batting: LHB Edgar Quinto
|
0-0: Ball 1-0: Ball 2-0: Called Strike 2-1: Ground out 4-3 (Groundball, 4, EV 100.6 MPH)
|
|
Batting: SHB Aaron Ruscigno
|
0-0: Called Strike 0-1: Called Strike 0-2: Ball 1-2: Ball 2-2: Strikes out swinging
|
|
Batting: SHB Paul Dupuis
|
0-0: Called Strike 0-1: Ball 1-1: Ball 2-1: Ball 3-1: Swinging Strike 3-2: Foul Ball, location: 2F 3-2: Foul Ball, location: 2F 3-2: Base on Balls
|
|
Batting: SHB Josif Popovski
|
0-0: Ball 1-0: Called Strike 1-1: Ball 2-1: Ground out 4-3 (Groundball, 4, EV 105.0 MPH)
|
| Bottom of the 5th over - 0 runs, 0 hits, 0 errors, 1 left on base; New Jersey 4 - Trois-Riveres 1 |
| TOP OF THE 6TH |
|
New Jersey Devils batting - Pitching for Trois-Riveres Aigles : RHP Won-hyung Choe
|
|
Batting: LHB John Stokes
|
0-0: Fly out, F8 (Flyball, 8LD, EV 105.0 MPH)
|
|
Batting: LHB Rodolfo Alvarez
|
0-0: Ball 1-0: Ball 2-0: Swinging Strike 2-1: Called Strike 2-2: Ball 3-2: Strikes out looking
|
|
Batting: LHB Jason Miller
|
0-0: Fly out, F9 (Flyball, 9, EV 82.5 MPH)
|
| Top of the 6th over - 0 runs, 0 hits, 0 errors, 0 left on base; New Jersey 4 - Trois-Riveres 1 |
| BOTTOM OF THE 6TH |
|
Trois-Riveres Aigles batting - Pitching for New Jersey Devils : RHP Yvon Tibaldi
|
|
Batting: RHB Micah Logan
|
0-0: Called Strike 0-1: SINGLE (Flyball, 34D, EV 91.9 MPH)
|
|
Batting: RHB Alistair Holmes
|
0-0: Ball 1-0: Ball 2-0: Fly out, F6 (Popup, 6, EV 63.1 MPH)
|
|
Batting: RHB George Connell
|
0-0: Ball 1-0: Swinging Strike 1-1: SINGLE (Line Drive, 9S, EV 98.1 MPH) Micah Logan to second
|
|
Batting: RHB Danny Mota
|
0-0: Ball 1-0: Called Strike 1-1: Foul Ball, location: 2F 1-2: Ball 2-2: Strikes out swinging
|
|
Batting: RHB Chris Davis
|
0-0: Ball 1-0: Swinging Strike 1-1: Ball 2-1: Fly out, F8 (Flyball, 8LXD, EV 81.2 MPH)
|
| Bottom of the 6th over - 0 runs, 2 hits, 0 errors, 2 left on base; New Jersey 4 - Trois-Riveres 1 |
| TOP OF THE 7TH |
|
New Jersey Devils batting - Pitching for Trois-Riveres Aigles : RHP Won-hyung Choe
|
|
Batting: RHB Torsten Hodensack
|
0-0: Called Strike 0-1: Swinging Strike 0-2: Ground out 6-3 (Groundball, 6, EV 90.6 MPH)
|
|
Batting: RHB Oscar Ramirez
|
0-0: Called Strike 0-1: Reached via error on a dropped throw from SS, E3 (Groundball, 6D, EV 98.8 MPH)
|
|
Batting: RHB Duk-yoon Park
|
0-0: Called Strike 0-1: Called Strike 0-2: SINGLE (Groundball, 34D, EV 98.1 MPH) Oscar Ramirez to second Runner from 2nd tries for 3rd, SAFE, throw by RF made to third Duk-yoon Park to second
|
|
Batting: RHB Sergio Andrada
|
0-0: Ball 1-0: Ground out 6-3 (Groundball, 6, EV 85.0 MPH) Oscar Ramirez scores
|
|
Batting: SHB Danny Tapia Jr.
|
0-0: Ball 1-0: Ground out U3 (Groundball, 3, EV 85.6 MPH)
|
| Top of the 7th over - 1 run, 1 hit, 1 error, 1 left on base; New Jersey 5 - Trois-Riveres 1 |
| BOTTOM OF THE 7TH |
|
Trois-Riveres Aigles batting - Pitching for New Jersey Devils : RHP Yvon Tibaldi
|
|
Batting: LHB Edgar Quinto
|
0-0: Ground out 4-3 (Groundball, 4, EV 102.5 MPH)
|
|
Batting: SHB Aaron Ruscigno
|
0-0: Called Strike 0-1: Ball 1-1: Ball 2-1: Called Strike 2-2: Foul Ball, location: 2F 2-2: Foul Ball, location: 2F 2-2: Ball 3-2: Base on Balls
|
|
Batting: SHB Paul Dupuis
|
0-0: Ball 1-0: Fly out, F6 (Line Drive, 6, EV 70.0 MPH)
|
|
Batting: SHB Josif Popovski
|
0-0: Ball Aaron Ruscigno is caught stealing 2nd base 2-6
|
| Bottom of the 7th over - 0 runs, 0 hits, 0 errors, 0 left on base; New Jersey 5 - Trois-Riveres 1 |
| TOP OF THE 8TH |
|
New Jersey Devils batting - Pitching for Trois-Riveres Aigles : RHP Won-hyung Choe
|
|
Batting: LHB Mike Bolock
|
0-0: Swinging Strike 0-1: Ball 1-1: Swinging Strike 1-2: Strikes out swinging
|
|
Batting: LHB John Stokes
|
0-0: Called Strike 0-1: Ball 1-1: DOUBLE (Line Drive, 7LS, EV 104.4 MPH)
|
|
Pitching: LHP Jordan Robinson
|
|
|
Pinch Hitting: RHB Jacob Olander
|
0-0: Swinging Strike 0-1: Ground out 6-3 (Groundball, 6, EV 100.0 MPH)
|
|
Pinch Hitting: LHB Miguel Quizhpi
|
0-0: Ball 1-0: Called Strike 1-1: Hit by Pitch
|
|
Batting: RHB Torsten Hodensack
|
0-0: Called Strike 0-1: Ball 1-1: Ball 2-1: Foul Ball, location: 2F 2-2: Strikes out swinging
|
| Top of the 8th over - 0 runs, 1 hit, 0 errors, 2 left on base; New Jersey 5 - Trois-Riveres 1 |
| BOTTOM OF THE 8TH |
|
Trois-Riveres Aigles batting - Pitching for New Jersey Devils : RHP Yvon Tibaldi
|
|
Now at 1B: Carlos Saldivar
|
|
|
Now in LF: Ernesto Mazas
|
|
|
Batting: SHB Josif Popovski
|
0-0: Called Strike 0-1: Ball 1-1: Ball 2-1: Ball 3-1: Called Strike 3-2: Ground out 5-3 (Groundball, 56, EV 88.8 MPH)
|
|
Batting: RHB Micah Logan
|
0-0: Ball 1-0: Called Strike 1-1: Foul Ball, location: 2F 1-2: Ball 2-2: Strikes out swinging
|
|
Batting: RHB Alistair Holmes
|
0-0: Swinging Strike 0-1: Called Strike 0-2: Ball 1-2: SINGLE (Groundball, 56, EV 81.2 MPH) (infield hit)
|
|
Pitching: RHP Humberto Ramirez
|
|
|
Batting: RHB George Connell
|
0-0: Fly out, F8 (Flyball, 8RXD, EV 108.8 MPH)
|
| Bottom of the 8th over - 0 runs, 1 hit, 0 errors, 1 left on base; New Jersey 5 - Trois-Riveres 1 |
| TOP OF THE 9TH |
|
New Jersey Devils batting - Pitching for Trois-Riveres Aigles : LHP Jordan Robinson
|
|
Batting: RHB Oscar Ramirez
|
0-0: Called Strike 0-1: Ball 1-1: Called Strike 1-2: Fly out, F9 (Flyball, 9S, EV 95.0 MPH)
|
|
Batting: RHB Duk-yoon Park
|
0-0: Swinging Strike 0-1: Swinging Strike 0-2: Ball 1-2: Ball 2-2: Strikes out swinging
|
|
Batting: RHB Sergio Andrada
|
0-0: Called Strike 0-1: Called Strike 0-2: Hit by Pitch
|
|
Batting: SHB Danny Tapia Jr.
|
0-0: Fly out, F6 (Popup, 6, EV 63.1 MPH)
|
| Top of the 9th over - 0 runs, 0 hits, 0 errors, 1 left on base; New Jersey 5 - Trois-Riveres 1 |
| BOTTOM OF THE 9TH |
|
Trois-Riveres Aigles batting - Pitching for New Jersey Devils : RHP Humberto Ramirez
|
|
Pinch Hitting: RHB Christopher Arnett
|
0-0: Ball 1-0: Called Strike 1-1: Foul Ball, location: 2F 1-2: Ground out 6-3 (Groundball, 6, EV 101.2 MPH)
|
|
Pinch Hitting: SHB Derek Weaver
|
0-0: Ball 1-0: Ground out 4-3 (Groundball, 4, EV 81.9 MPH)
|
|
Batting: LHB Edgar Quinto
|
0-0: Ball 1-0: Ground out 6-3 (Groundball, 4M, EV 76.9 MPH)
|
| Bottom of the 9th over - 0 runs, 0 hits, 0 errors, 0 left on base; New Jersey 5 - Trois-Riveres 1 |
|